[Event "ICCopen2017"]
[Site "Internet Chess Club"]
[Date "2017.03.25"]
[Round "2"]
[White "StevieMcStiefel"]
[Black "JRussell2"]
[Result "1-0"]
[ICCResult "Black forfeits on time"]
[WhiteElo "1605"]
[BlackElo "1060"]
[Opening "Sicilian: Prins (Moscow) variation"]
[ECO "B55"]
[NIC "SI.01"]
[Time "14:17:25"]
[TimeControl "180+0"]

1. e4 c5 2. Nf3 d6 3. d4 cxd4 4. Nxd4 Nf6 5. f3 g6 6. c4 Bg7 7. Nc3 Nc6 8.
Be3 O-O 9. Be2 Bd7 10. O-O Rb8 11. Nc2 a5 12. Nd5 Nb4 13. Bb6 Qe8 14. a3
Nbxd5 15. cxd5 Ba4 16. Qd2 Rc8 17. Nd4 e5 18. dxe6 fxe6 19. Rfc1 e5 20. Nc2
Nd7 21. Bxa5 Nc5 22. Qxd6 Nb3 23. Qb4 Nxc1 24. Qxa4 Nxe2+ 25. Kf2 Qxa4 26.
Ne3 Nd4 27. Bb4 Qe8 28. Rd1 Nc2 29. Nd5 Qc6 30. Ne7+ Kh8 31. Nxc6 Rxc6 32.
Bxf8 Bxf8 33. Rd8 Kg7 34. Kg3 Rb6 35. Rd7+ Kg8 36. b4 Nxa3 37. Rd5 Rxb4 38.
Rd8 b5 39. Kh3 Rb2 40. Kg4 Nc2 41. Kh3 b4 42. g4 b3 43. Rb8 Rb1 44. Kh4 Ne3
45. Kg5 b2 46. h4 Nc4 47. Kf6 Rc1 48. Rxb2 {Black forfeits on time} 1-0

[Event "ICCopen2017"]
[Site "Internet Chess Club"]
[Date "2017.03.25"]
[Round "2"]
[White "Hashimof"]
[Black "Heian"]
[Result "1-0"]
[ICCResult "Black resigns"]
[WhiteElo "1965"]
[BlackElo "1477"]
[Opening "Scotch: Potter variation"]
[ECO "C45"]
[NIC "SO.05"]
[Time "14:17:30"]
[TimeControl "180+0"]

1. e4 e5 2. Nf3 Nc6 3. d4 exd4 4. Nxd4 Bc5 5. Nb3 Bb6 6. Nc3 d6 7. Bd3 h6 8.
Qe2 Ne5 9. Bb5+ c6 10. Bd3 Nxd3+ 11. Qxd3 Nf6 12. Be3 O-O 13. O-O-O Bxe3+
14. Qxe3 Be6 15. Nd4 d5 16. e5 Nh7 17. f4 Qd7 18. h3 f5 19. g4 fxg4 20. hxg4
Bxg4 21. Rhg1 Bxd1 22. Nxd1 Rae8 23. f5 Rxf5 24. Nxf5 Qxf5 25. Qxh6 Qxe5 26.
Qg6 Re7 27. c3 Qf4+ 28. Kc2 Qe4+ 29. Kc1 Qxg6 30. Rxg6 Kf7 31. Rg2 g5 32.
Kd2 Kg6 33. Ne3 Nf6 34. Kd3 Re4 35. c4 dxc4+ 36. Nxc4 Re6 37. a4 Nd5 38. Kd4
b6 39. Ne5+ Kf5 40. Nxc6 Nf4 41. Rc2 Rd6+ 42. Ke3 Nd5+ 43. Kf3 g4+ 44. Kg3
Kg5 45. Ne5 Nf6 46. Nf7+ Kg6 47. Nxd6 Nh5+ 48. Kxg4 Nf6+ 49. Kf4 Nd7 50. Ne4
Nc5 51. Nxc5 {Black resigns} 1-0

[Event "ICCopen2017"]
[Site "Internet Chess Club"]
[Date "2017.03.25"]
[Round "2"]
[White "ROWLAND"]
[Black "CapitanCentella"]
[Result "0-1"]
[ICCResult "White forfeits on time"]
[WhiteElo "1482"]
[BlackElo "1853"]
[Opening "Caro-Kann: Panov-Botvinnik attack"]
[ECO "B13"]
[NIC "CK.02"]
[Time "14:17:36"]
[TimeControl "180+0"]

1. e4 c6 2. d4 d5 3. exd5 cxd5 4. c4 Nc6 5. Nf3 Nf6 6. Nc3 e6 7. a3 Be7 8.
Bd3 O-O 9. O-O a6 10. h3 dxc4 11. Bxc4 b5 12. Ba2 Bb7 13. d5 exd5 14. Nxd5
Nxd5 15. Qxd5 Qc7 16. Bg5 Bxg5 17. Nxg5 Ne5 18. Qd4 h6 19. Ne4 Rad8 20. Qc3
Qe7 21. Nc5 Ba8 22. b4 Qg5 23. f3 Qh5 24. Rad1 Ng6 25. Qc2 Nf4 26. Rxd8 Rxd8
27. Rd1 Rf8 28. Rd7 Bxf3 29. gxf3 Qxf3 30. Kh2 Qxh3+ 31. Kg1 Qg3+ 32. Kf1
Nh3 33. Ne6 Qg1+ 34. Ke2 Qf2+ 35. Kd1 Qf1+ 36. Kd2 fxe6 37. Bxe6+ Kh8 38.
Bxh3 Rf2+ {White forfeits on time} 0-1

[Event "ICCopen2017"]
[Site "Internet Chess Club"]
[Date "2017.03.25"]
[Round "2"]
[White "Aladdin"]
[Black "xionoula"]
[Result "1-0"]
[ICCResult "Black forfeits on time"]
[WhiteElo "2324"]
[BlackElo "1810"]
[Opening "French: Tarrasch, Botvinnik variation"]
[ECO "C05"]
[NIC "FR.16"]
[Time "14:17:16"]
[TimeControl "180+0"]

1. e4 e6 2. d4 d5 3. Nd2 Nf6 4. e5 Nfd7 5. Bd3 b6 6. c3 c5 7. f4 Ba6 8. Qe2
Bxd3 9. Qxd3 cxd4 10. cxd4 Nc6 11. a3 Rc8 12. Ngf3 Na5 13. O-O Nc4 14. Nxc4
Rxc4 15. b3 Rc7 16. f5 Be7 17. fxe6 fxe6 18. Ne1 Bg5 19. Qd1 Rxc1 20. Rxc1
Bxc1 21. Qxc1 Rf8 22. Nf3 h6 23. Qc6 Qe7 24. Rc1 Qxa3 25. Qxe6+ Kd8 26. Qc6
Qxb3 27. e6 Qe3+ 28. Kh1 Nc5 29. Rxc5 Ke7 30. Qd7+ Kf6 31. h4 Qxe6 32. Qxe6+
Kxe6 33. Rc7 g6 34. Rxa7 Rf4 35. Rb7 g5 36. Rxb6+ Kd7 37. hxg5 hxg5 38. Nxg5
Rg4 39. Nf3 Kc7 40. Rb5 Re4 41. Rxd5 Re2 42. Rc5+ Kb6 43. Kg1 Ra2 44. Re5
Ra1+ 45. Kh2 Kc7 46. Kg3 Ra3 47. Kf4 Kd6 48. g4 Ra8 49. Ke4 Rf8 50. g5 Rg8
51. Rf5 Kd7 52. Kf4 Re8 53. Kg4 Re1 54. Ne5+ Kd6 55. Kh5 Rg1 56. Kg6 Rh1 57.
Rf6+ {Black forfeits on time} 1-0

[Event "ICCopen2017"]
[Site "Internet Chess Club"]
[Date "2017.03.25"]
[Round "2"]
[White "majerle"]
[Black "nikenwidiartto"]
[Result "0-1"]
[ICCResult "White forfeits on time"]
[WhiteElo "1540"]
[BlackElo "1856"]
[Opening "Scandinavian defense"]
[ECO "B01"]
[NIC "SD.03"]
[Time "14:16:52"]
[TimeControl "180+0"]

1. e4 d5 2. exd5 Nf6 3. d4 Bg4 4. Be2 Bxe2 5. Nxe2 Qxd5 6. O-O Nc6 7. Nbc3
Qh5 8. Ng3 Qxd1 9. Rxd1 O-O-O 10. Be3 e6 11. Nce4 Be7 12. c4 Rd7 13. Rd2
Rhd8 14. Rad1 g6 15. a3 a5 16. Ng5 Bf8 17. N3e4 Bg7 18. Nxf6 Bxf6 19. d5
exd5 20. cxd5 Ne5 21. Nxh7 Bg7 22. Ng5 Nc4 23. Rc2 Nxe3 24. fxe3 Bh6 25. h4
Bxg5 26. hxg5 Rxd5 27. Rxd5 Rxd5 28. Rf2 Rd7 29. Kh2 Kd8 30. Kg3 Ke7 31. Kg4
Rd5 32. Rf6 a4 33. Rf4 b5 34. Rb4 c6 35. Re4+ Kd6 36. Rf4 Ke6 37. Re4+ Re5
38. Rf4 Rxe3 39. Rf6+ Ke7 40. Rxc6 Rb3 41. Rc7+ Kf8 42. Rc6 Rxb2 43. g3 Rb3
44. Rb6 Ke7 45. Kf4 Kd7 46. g4 Kc7 47. Rf6 Rxa3 48. Rxf7+ Kd8 49. Rb7 Rb3
50. Ke4 a3 51. Kd4 a2 52. Ra7 Rb4+ 53. Kc3 Ra4 54. Rxa4 bxa4 55. Kb2 Kd7 56.
Kxa2 Kd6 57. Ka3 Ke5 58. Kxa4 Kf4 59. Kb3 Kxg5 60. Kc2 Kxg4 61. Kd2 Kf3 62.
Ke1 Kg2 63. Ke2 g5 64. Ke3 g4 65. Ke2 g3 66. Ke3 Kh2 67. Ke2 g2 68. Ke3
g1=Q+ 69. Ke4 Qg5 70. Kd4 Kg3 71. Ke4 Qf4+ 72. Kd5 Kf3 73. Kc5 Qe4 74. Kd6
Ke3 75. Kc5 Kd3 76. Kd6 Kd4 77. Kc7 Qe5+ 78. Kb6 Qd5 79. Ka6 Kc5 80. Ka7 Qd6
81. Kb7 Qc6+ 82. Kb8 Qd7 {White forfeits on time} 0-1

[Event "ICCopen2017"]
[Site "Internet Chess Club"]
[Date "2017.03.25"]
[Round "2"]
[White "centralsquare"]
[Black "marianzaim"]
[Result "0-1"]
[ICCResult "White forfeits on time"]
[WhiteElo "1444"]
[BlackElo "1908"]
[Opening "King's Indian: Kazakh variation"]
[ECO "E91"]
[NIC "KI.19"]
[Time "14:18:16"]
[TimeControl "180+0"]

1. d4 Nf6 2. c4 g6 3. Nc3 Bg7 4. Nf3 O-O 5. e4 d6 6. Be2 Na6 7. h4 h5 8. a3
e5 9. Bg5 exd4 10. Nxd4 Nc5 11. f3 a5 12. Qd2 Ne6 13. O-O-O Bd7 14. e5 dxe5
15. Ndb5 Bxb5 16. Nxb5 Qxd2+ 17. Rxd2 c6 18. Nc3 Nd4 19. Bd1 Rfe8 20. Ne4
Nxe4 21. fxe4 Kh7 22. Re1 Bh6 23. Bxh6 Kxh6 24. Re3 c5 25. g4 hxg4 26. Rg3
f5 27. exf5 gxf5 28. Kb1 Re7 29. Rf2 Rg8 30. Bc2 f4 31. Rg1 g3 32. Rd2 b6
33. Be4 Rh8 34. Bd5 Kg7 35. b3 Rxh4 36. Kb2 Kf6 37. Kc3 Reh7 38. Rgg2 Rh2
39. b4 axb4+ 40. axb4 Rxg2 {White forfeits on time} 0-1

[Event "ICCopen2017"]
[Site "Internet Chess Club"]
[Date "2017.03.25"]
[Round "2"]
[White "ivancele"]
[Black "beaupre"]
[Result "0-1"]
[ICCResult "White forfeits on time"]
[WhiteElo "1459"]
[BlackElo "1757"]
[Opening "King's Indian: Four pawns attack"]
[ECO "E76"]
[NIC "KI.31"]
[Time "14:17:54"]
[TimeControl "180+0"]

1. d4 Nf6 2. c4 g6 3. Nc3 Bg7 4. e4 d6 5. f4 O-O 6. Nf3 Bg4 7. Be2 Nc6 8.
O-O e5 9. fxe5 dxe5 10. d5 Bxf3 11. Bxf3 Nd4 12. Be3 c5 13. dxc6 bxc6 14. c5
Nd7 15. b4 Qh4 16. g3 Qd8 17. a3 Nf6 18. Rc1 Qe7 19. Kg2 Rfd8 20. Qe1 a6 21.
Bg5 h6 22. Bxf6 Bxf6 23. Na4 Bg5 24. Rd1 Nb3 25. Nb6 Rxd1 26. Qxd1 Rd8 27.
Qxb3 Rd2+ 28. Rf2 Qd8 29. Nc4 Rd3 30. Qc2 Bf6 31. Rd2 Rxd2+ 32. Qxd2 Qd4 33.
Qxd4 exd4 34. Kf2 Kf8 35. e5 Bg7 36. Bxc6 Ke7 37. Ke2 Ke6 38. Bd5+ Kxd5 39.
Kd3 Bxe5 40. Nxe5 Kxe5 41. a4 Kd5 42. h3 h5 43. h4 f6 44. Kd2 Kc6 45. Kd3
Kd5 46. Kd2 f5 {White forfeits on time} 0-1

[Event "ICCopen2017"]
[Site "Internet Chess Club"]
[Date "2017.03.25"]
[Round "2"]
[White "NWRiver"]
[Black "Gravity"]
[Result "1-0"]
[ICCResult "Black checkmated"]
[WhiteElo "1593"]
[BlackElo "1065"]
[Opening "French: King's Indian attack"]
[ECO "C00"]
[NIC "FR.02"]
[Time "14:18:03"]
[TimeControl "180+0"]

1. e4 e6 2. d3 d5 3. exd5 exd5 4. Nf3 Be6 5. Be2 Nf6 6. c3 a6 7. Nbd2 Nbd7
8. h3 Bd6 9. b3 c5 10. Bb2 Qc7 11. Rc1 Rc8 12. O-O O-O 13. a3 Qb8 14. Re1
Ne5 15. Nxe5 Bxe5 16. Nf3 Bd6 17. Bf1 Nd7 18. d4 cxd4 19. Qxd4 Nf6 20. Qd2
b5 21. Qd1 Rfe8 22. c4 dxc4 23. bxc4 Bxc4 24. Bxc4 Rxe1+ 25. Qxe1 Rxc4 26.
Rxc4 bxc4 27. Bxf6 gxf6 28. Qc3 Be5 29. Nxe5 fxe5 30. Qxc4 Qb1+ 31. Kh2 e4
32. Qxa6 Qd3 33. Qa8+ Kg7 34. a4 Qc2 35. Kg3 Qd3+ 36. Kh2 Qe2 37. Qa7 Qh5
38. Qd4+ f6 39. Qxe4 Qa5 40. Qe7+ Kh6 41. Qxf6+ Kh5 42. g4# {Black
checkmated} 1-0

[Event "ICCopen2017"]
[Site "Internet Chess Club"]
[Date "2017.03.25"]
[Round "2"]
[White "ARMCOMPOSER"]
[Black "RnZ"]
[Result "1/2-1/2"]
[ICCResult "White stalemated"]
[WhiteElo "2984"]
[BlackElo "2009"]
[Opening "Sicilian defense"]
[ECO "B32"]
[NIC "SI.32"]
[Time "14:16:58"]
[TimeControl "180+0"]

1. e4 c5 2. Nf3 Nc6 3. d4 cxd4 4. Nxd4 d6 5. c4 Nf6 6. Nc3 g6 7. Be2 Nxd4 8.
Qxd4 Bg7 9. Be3 O-O 10. Qd3 Ng4 11. Bxg4 Bxg4 12. O-O a6 13. f4 b5 14. cxb5
axb5 15. f5 b4 16. Nd5 Bxb2 17. Rab1 Bg7 18. h3 Ra3 19. Rb3 Bh5 20. Rxa3
bxa3 21. g4 gxf5 22. exf5 e6 23. Nf4 Bxg4 24. hxg4 Qh4 25. Ng2 Qxg4 26. f6
Bh8 27. Rf4 Qg6 28. Qd1 h5 29. Qf3 Rb8 30. Kh2 Rb2 31. Bd4 e5 32. Bxb2 axb2
33. Rb4 b1=Q 34. Rxb1 Qxb1 35. a4 Qb4 36. Qa8+ Kh7 37. a5 Bxf6 38. Qd5 Kg7
39. a6 Qa3 40. Qb7 e4 41. a7 Be5+ 42. Kg1 Bd4+ 43. Kh2 Qxa7 44. Qxe4 Be5+
45. Kh3 Qa3+ 46. Ne3 Bd4 47. Qxd4+ f6 48. Qf4 Qc3 49. Qf3 Qe5 50. Nf5+ Kg6
51. Nh4+ Kf7 52. Qb7+ Ke6 53. Qc8+ Kd5 54. Qa8+ Ke6 55. Qe8+ Kd5 56. Qb5+
Ke6 57. Qb3+ Kd7 58. Qf7+ Kc6 59. Qc4+ Kd7 60. Qa4+ Ke7 61. Qa2 Qe6+ 62.
Qxe6+ Kxe6 63. Ng6 d5 64. Nh4 Ke5 65. Kg3 Ke4 66. Nf3 d4 67. Nh4 d3 68. Ng2
d2 69. Kf2 d1=Q 70. Ne3 Qf3+ 71. Kg1 Qxe3+ 72. Kh2 Qd2+ 73. Kh1 Kf4 74. Kg1
Kf3 75. Kh1 Qf2 {White stalemated} 1/2-1/2

[Event "ICCopen2017"]
[Site "Internet Chess Club"]
[Date "2017.03.25"]
[Round "2"]
[White "oscarshe"]
[Black "Qualm"]
[Result "0-1"]
[ICCResult "White forfeits on time"]
[WhiteElo "1347"]
[BlackElo "1672"]
[Opening "Grünfeld: Smyslov defense"]
[ECO "D15"]
[NIC "SL.03"]
[Time "14:17:44"]
[TimeControl "180+0"]

1. d4 c6 2. c4 d5 3. Nf3 Nf6 4. Nc3 g6 5. e3 Bg7 6. Bd3 O-O 7. O-O Bg4 8. h3
Bxf3 9. Qxf3 e6 10. a3 Nbd7 11. e4 dxe4 12. Nxe4 Nxe4 13. Qxe4 Nb6 14. Be3
Qd7 15. Rfd1 Rad8 16. Be2 Qc8 17. Qc2 Rd7 18. Rd2 Rfd8 19. Rad1 Bf8 20. b4
Be7 21. c5 Nd5 22. Bf3 a6 23. Be4 Bf6 24. Qc4 h5 25. Bc2 e5 26. dxe5 Nxe3
27. Qe2 Nxd1 28. Rxd1 Rxd1+ 29. Bxd1 Bg7 30. Bc2 Qe6 31. f4 Qd5 32. Kh2 Qd2
33. Qc4 Rd4 34. Qb3 Qxf4+ 35. Qg3 Bxe5 36. Qxf4 Bxf4+ 37. Kg1 Bg3 38. Kf1
Rd2 39. Ba4 f5 40. Bb3+ Kg7 41. a4 Kf6 42. Bc4 g5 43. b5 a5 44. bxc6 bxc6
45. Ba6 Bf2 46. Bb7 Bxc5 {White forfeits on time} 0-1

[Event "ICCopen2017"]
[Site "Internet Chess Club"]
[Date "2017.03.25"]
[Round "2"]
[White "PCB1"]
[Black "fisek2007"]
[Result "0-1"]
[ICCResult "White checkmated"]
[WhiteElo "1799"]
[BlackElo "2311"]
[Opening "QGD Slav defense"]
[ECO "D10"]
[NIC "SL.01"]
[Time "14:17:43"]
[TimeControl "180+0"]

1. d4 d5 2. c4 c6 3. Nc3 Nf6 4. e3 Bf5 5. cxd5 Nxd5 6. Bd3 Bxd3 7. Qxd3 e6
8. Nf3 Be7 9. e4 Nxc3 10. bxc3 c5 11. Be3 O-O 12. O-O Nc6 13. Rfd1 Qa5 14.
Qe2 Qxc3 15. Rac1 Qa5 16. dxc5 Rfd8 17. Qc2 h6 18. Nd4 Nxd4 19. Bxd4 Rac8
20. Qb2 e5 21. Bxe5 Bxc5 22. Bxg7 Ba3 23. Qf6 Rxc1 24. Rxc1 Bxc1 25. h4 Qe1+
26. Kh2 Qd2 27. f3 Qf4+ 28. Qxf4 Bxf4+ 29. Kh3 Kxg7 30. g3 Rd2 31. Kg4 Rxa2
32. Kxf4 Rb2 33. g4 a5 34. h5 a4 35. Ke5 a3 36. Kf4 a2 37. g5 a1=Q 38. gxh6+
Kxh6 39. Kf5 Rb5+ 40. Kg4 Qg1+ 41. Kf4 Qc1+ 42. Kg4 Rg5+ 43. Kh4 Qh1#
{White checkmated}
0-1

[Event "ICCopen2017"]
[Site "Internet Chess Club"]
[Date "2017.03.25"]
[Round "2"]
[White "sacov"]
[Black "vishweshk"]
[Result "1-0"]
[ICCResult "Black checkmated"]
[WhiteElo "2110"]
[BlackElo "1582"]
[Opening "Queen's pawn: Torre attack"]
[ECO "A40"]
[NIC "QP.04"]
[Time "14:18:13"]
[TimeControl "180+0"]

1. d4 e6 2. Nf3 Nf6 3. Bg5 Be7 4. Nbd2 O-O 5. e3 b6 6. Bd3 Bb7 7. Bxf6 Bxf6
8. h4 g6 9. h5 Bg7 10. hxg6 hxg6 11. Qe2 d6 12. O-O-O Nd7 13. Rh3 Re8 14.
Rdh1 e5 15. dxe5 Nxe5 16. Nxe5 dxe5 17. Bc4 Bxg2 18. Qg4 Bxh3 19. Qxh3 e4
20. Qg4 Qf6 21. c3 Rad8 22. Nxe4 Qc6 23. Rh4 b5 24. Bb3 Qd7 25. Qxg6 Qe7 26.
Bxf7+ Qxf7 27. Rh8+ Kxh8 28. Qxf7 Rxe4 29. Qxc7 Ree8 30. Qxa7 Re5 31. Qc7
Red5 32. Qh2+ Kg8 33. Qg2 Rd1+ 34. Kc2 R8d2+ 35. Kb3 Rb1 36. Qa8+ Kh7 37.
Qe4+ Kg8 38. Qxb1 Rxf2 39. Qe4 Rf7 40. Qd5 Kf8 41. Qxb5 Bf6 42. a4 Bh4 43.
a5 Bg3 44. a6 Re7 45. Qf5+ Ke8 46. Qg6+ Kd7 47. Qxg3 Re6 48. a7 Rb6+ 49. Kc2
Ra6 50. Qb8 Rc6 51. a8=Q Rd6 52. Qe8+ Kc7 53. Qab8# {Black checkmated} 1-0

[Event "ICCopen2017"]
[Site "Internet Chess Club"]
[Date "2017.03.25"]
[Round "2"]
[White "wagnerbi"]
[Black "Siryk"]
[Result "0-1"]
[ICCResult "White forfeits on time"]
[WhiteElo "1995"]
[BlackElo "3020"]
[Opening "Neo-Grünfeld, 6.O-O"]
[ECO "D77"]
[NIC "GI.02"]
[Time "14:17:36"]
[TimeControl "180+0"]

1. Nf3 Nf6 2. d4 g6 3. g3 Bg7 4. Bg2 d5 5. O-O O-O 6. c4 dxc4 7. Nc3 c6 8.
Ne5 Be6 9. a4 Nfd7 10. f4 Nxe5 11. fxe5 f6 12. e4 fxe5 13. d5 cxd5 14. exd5
Bf5 15. Ne4 Nd7 16. Qe2 Rc8 17. Bg5 Nf6 18. d6 Bxe4 19. dxe7 Qxe7 20. Bxe4
b6 21. Bd5+ Kh8 22. Bg2 h6 23. Bd2 e4 24. Bc3 Nd5 25. Bxg7+ Kxg7 26. Qxe4
Qxe4 27. Bxe4 Rxf1+ 28. Rxf1 Nf6 29. Bg2 c3 30. bxc3 Rxc3 31. Re1 Ng4 32.
Re7+ Kf6 33. Re4 h5 34. h3 Ne3 35. Bf3 Nf5 36. g4 Rxf3 37. gxf5 Kxf5 38. Re7
Rxh3 39. Rxa7 Ra3 40. Ra6 h4 41. Rxb6 Rxa4 42. Rb5+ Kg4 43. Rb3 g5 44. Kg2
Rf4 45. Kg1 h3 46. Kh2 Rf2+ 47. Kg1 Rd2 48. Rc3 Kh4 49. Rb3 g4 50. Ra3 Rd1+
51. Kh2 g3+ 52. Rxg3 Rd2+ 53. Rg2 Rxg2+ {White forfeits on time} 0-1

[Event "ICCopen2017"]
[Site "Internet Chess Club"]
[Date "2017.03.25"]
[Round "2"]
[White "checkmatiste"]
[Black "alsaimer"]
[Result "1-0"]
[ICCResult "Black forfeits on time"]
[WhiteElo "1534"]
[BlackElo "1000"]
[Opening "Queen's pawn, Mason variation"]
[ECO "D00"]
[NIC "QP.08"]
[Time "14:16:56"]
[TimeControl "180+0"]

1. d4 d5 2. Bf4 Nc6 3. e3 Bf5 4. c4 e6 5. Nf3 f6 6. cxd5 exd5 7. Nc3 Bb4 8.
Qa4 a5 9. Bb5 Ne7 10. Rc1 O-O 11. a3 Bxc3+ 12. Rxc3 Qe8 13. O-O Qg6 14. Bxc7
Be4 15. Bg3 Bxf3 16. gxf3 Nf5 17. Bxc6 bxc6 18. Rxc6 Qh5 19. Qd1 Rab8 20. e4
Nxg3 21. fxg3 dxe4 22. fxe4 Qxd1 23. Rxd1 Rxb2 24. Rc5 a4 25. Rc4 Ra8 26. d5
Rb7 27. Rcd4 Rd7 28. Kf2 g5 29. R1d3 h5 30. Ke3 Kg7 31. h3 Kg6 32. d6 h4 33.
g4 Rb8 34. Rd5 Rb1 35. e5 {Black forfeits on time} 1-0

[Event "ICCopen2017"]
[Site "Internet Chess Club"]
[Date "2017.03.25"]
[Round "2"]
[White "fiume"]
[Black "Indiana-Jones"]
[Result "0-1"]
[ICCResult "White forfeits on time"]
[WhiteElo "1915"]
[BlackElo "2778"]
[Opening "Sicilian, Chekhover variation"]
[ECO "B53"]
[NIC "SI.02"]
[Time "14:18:30"]
[TimeControl "180+0"]

1. e4 c5 2. Nf3 d6 3. d4 cxd4 4. Qxd4 a6 5. c4 Nc6 6. Qd2 Bg4 7. Be2 g6 8.
Nc3 Bh6 9. Qd1 Bg7 10. O-O Nf6 11. h3 Bxf3 12. Bxf3 Nd7 13. Bg5 O-O 14. g3
Bxc3 15. bxc3 Qa5 16. Qd2 Nde5 17. Be2 Rac8 18. Rab1 Rc7 19. h4 Qa4 20. Qd5
Qxa2 21. Rfe1 Qa5 22. Qd2 Qc5 23. h5 Nxc4 24. Bxc4 Qxc4 25. hxg6 fxg6 26. f4
Qe6 27. Kg2 Na5 28. e5 Nc4 29. Qd4 d5 30. Rbd1 Rd7 31. Rh1 Qf5 32. Rh6 Qc2+
33. Kh3 Ne3 34. Rd2 Qf5+ 35. Kh2 Ng4+ 36. Kg2 Nxh6 37. Bxh6 Rc8 38. Kf3 Qe4+
39. Qxe4 d4 40. e6 Rxc3+ 41. Kg4 Rxg3+ {White forfeits on time} 0-1

[Event "ICCopen2017"]
[Site "Internet Chess Club"]
[Date "2017.03.25"]
[Round "2"]
[White "kaimann"]
[Black "AAlekin28"]
[Result "0-1"]
[ICCResult "White forfeits on time"]
[WhiteElo "1872"]
[BlackElo "2611"]
[Opening "Benko's opening"]
[ECO "A00"]
[NIC "VO.09"]
[Time "14:18:04"]
[TimeControl "180+0"]

1. g3 d5 2. Bg2 c6 3. d3 e6 4. Nd2 Nf6 5. e4 Bd6 6. Ngf3 Qc7 7. O-O O-O 8.
Re1 Nbd7 9. b3 e5 10. exd5 cxd5 11. Bb2 Re8 12. c4 d4 13. a3 a5 14. Ng5 Nc5
15. Nde4 Ncxe4 16. Nxe4 Nxe4 17. Bxe4 Be6 18. Qd2 Rac8 19. b4 b6 20. Rac1
axb4 21. axb4 Qe7 22. Ba3 Rc7 23. Rb1 h6 24. Bg2 Ra7 25. Bc1 Rc8 26. Rf1 Qf6
27. b5 Qg6 28. Be4 f5 29. Bc6 f4 30. Be4 Bf5 31. Re1 Bxe4 32. Rxe4 Rxc4 33.
Qe2 fxg3 34. hxg3 Rc8 35. Rg4 Qf6 36. Qe4 Rf7 37. f4 exf4 38. Bxf4 Bxf4 39.
Rxf4 Qg5 40. Rxf7 Qxg3+ 41. Qg2 Qxg2+ 42. Kxg2 Kxf7 43. Rb4 Rd8 44. Kf3 Rd5
45. Ke4 Ke6 46. Rb1 h5 47. Rg1 g5 48. Rh1 h4 49. Rg1 Re5+ 50. Kxd4 Rxb5 51.
Re1+ Kf5 52. Re8 Rb4+ {White forfeits on time} 0-1

[Event "ICCopen2017"]
[Site "Internet Chess Club"]
[Date "2017.03.25"]
[Round "2"]
[White "costaura"]
[Black "ol4ik"]
[Result "0-1"]
[ICCResult "White forfeits on time"]
[WhiteElo "1543"]
[BlackElo "2153"]
[Opening "English opening"]
[ECO "A20"]
[NIC "EO.24"]
[Time "14:18:29"]
[TimeControl "180+0"]

1. c4 e5 2. g3 Nf6 3. Bg2 h6 4. Nc3 Bb4 5. Nd5 Nxd5 6. cxd5 O-O 7. a3 Ba5 8.
b4 Bb6 9. e3 d6 10. Ne2 Bg4 11. h3 Bh5 12. g4 Bg6 13. O-O f5 14. gxf5 Bxf5
15. Ng3 Bd3 16. Re1 Qf6 17. Re2 Bxe2 18. Qxe2 Nd7 19. Bb2 Qg6 20. Be4 Qg5
21. Kh2 Nf6 22. Rg1 Qh4 23. Bf5 Kh8 24. Be6 a5 {White forfeits on time} 0-1

[Event "ICCopen2017"]
[Site "Internet Chess Club"]
[Date "2017.03.25"]
[Round "2"]
[White "GOODZYLLA"]
[Black "minke"]
[Result "1-0"]
[ICCResult "Black resigns"]
[WhiteElo "1588"]
[BlackElo "1740"]
[Opening "King's Indian: fianchetto without c4"]
[ECO "E67"]
[NIC "KI.79"]
[Time "14:18:04"]
[TimeControl "180+0"]

1. d4 Nf6 2. Nf3 g6 3. g3 Bg7 4. Bg2 d6 5. O-O O-O 6. c4 Nbd7 7. Nc3 c6 8.
h3 e5 9. Be3 e4 10. Nd2 d5 11. cxd5 cxd5 12. Rc1 Nb6 13. b3 Be6 14. Bg5 Qd7
15. Bxf6 Bxf6 16. e3 Bxh3 17. Qe2 Bxg2 18. Kxg2 Rac8 19. Rh1 Rc6 20. Ndb1
Bg7 21. Rh2 f5 22. Rch1 h5 23. Qb5 Rfc8 24. Ne2 Rc2 25. Qxd7 Nxd7 26. Nf4
Nf8 27. Nxd5 Rd8 28. Nb4 Rc7 29. a4 a5 30. Na2 Rc2 31. Nac3 Rc8 32. Nd5 Kf7
33. Na3 Ra2 34. Nb5 Rcc2 35. Rf1 Ne6 36. Nd6+ Kf8 37. Nxb7 Ng5 38. Nxa5 Nf3
39. Rhh1 h4 40. Nb4 hxg3 41. Nxa2 Rxa2 42. Kxg3 Kf7 43. Rc1 Bf8 44. Nc4 Ng5
45. Ne5+ Ke6 46. Ra1 Rb2 47. Nxg6 Bd6+ 48. Nf4+ Bxf4+ 49. exf4 Nf3 50. a5
Kd6 51. a6 Kc7 52. a7 Kb7 53. a8=Q+ Kc7 54. Qa7+ Kd6 55. Rh6+ {Black
resigns} 1-0

[Event "ICCopen2017"]
[Site "Internet Chess Club"]
[Date "2017.03.25"]
[Round "2"]
[White "cap78red"]
[Black "Istrebitel"]
[Result "0-1"]
[ICCResult "White forfeits on time"]
[WhiteElo "1302"]
[BlackElo "1638"]
[Opening "English: four knights, kingside fianchetto"]
[ECO "A29"]
[NIC "EO.02"]
[Time "14:17:32"]
[TimeControl "180+0"]

1. c4 e5 2. Nc3 Nf6 3. Nf3 Nc6 4. g3 Bb4 5. Nd5 Bc5 6. b4 Bxb4 7. Nxb4 Nxb4
8. Nxe5 O-O 9. d4 Re8 10. e3 d6 11. Nd3 Nc6 12. Bg2 Bg4 13. f3 Bf5 14. O-O
h6 15. e4 Bg6 16. d5 Ne5 17. Nxe5 dxe5 18. Ba3 Nd7 19. d6 c6 20. c5 f6 21.
Rc1 Bf7 22. Re1 Bxa2 23. Qc2 Bf7 24. Bf1 Nf8 25. Bc4 Ne6 26. Rb1 b6 27. Bb4
bxc5 28. Bxc5 Qa5 29. Bb4 Qd8 30. Bc5 Qd7 31. Qb3 Rab8 32. Bxe6 Bxe6 33. Qa3
Rb5 34. Qxa7 Reb8 35. Rxb5 Rxb5 36. Qxd7 Bxd7 37. Rc1 Kf7 38. Kf2 Ke6 39.
Ke3 Rb3+ 40. Ke2 Rb2+ 41. Kd3 Rxh2 42. Ra1 Rg2 43. Ra7 Rxg3 44. Ra8 h5 45.
Ke2 Rg2+ 46. Kf1 h4 47. Kxg2 h3+ 48. Kxh3 g5 49. Kg4 Kf7+ 50. Kh5 Ke6 51.
Kh6 g4 52. Kg7 gxf3 53. Ra7 f2 54. Bxf2 f5 {White forfeits on time} 0-1

[Event "ICCopen2017"]
[Site "Internet Chess Club"]
[Date "2017.03.25"]
[Round "2"]
[White "Sertoespj"]
[Black "Revolutions"]
[Result "1-0"]
[ICCResult "Black checkmated"]
[WhiteElo "2305"]
[BlackElo "1801"]
[Opening "King's Indian: Torre attack"]
[ECO "A48"]
[NIC "QP.01"]
[Time "14:17:45"]
[TimeControl "180+0"]

1. d4 Nf6 2. Nf3 g6 3. Bg5 Bg7 4. Nbd2 O-O 5. e3 c6 6. h4 d5 7. Be2 Bf5 8.
c3 Nbd7 9. Qb3 Qb6 10. Ne5 Nxe5 11. dxe5 Ne4 12. Bxe7 Rfe8 13. Nxe4 Bxe4 14.
Qxb6 axb6 15. Bf6 Bxg2 16. Rg1 Be4 17. Bxg7 Kxg7 18. f4 c5 19. Kf2 Bf5 20.
a3 Rac8 21. Rad1 d4 22. exd4 cxd4 23. Rxd4 Re6 24. Rgd1 h5 25. Bf3 b5 26.
Bxb7 Rc5 27. Bd5 Re7 28. Bb3 Bg4 29. R1d2 f6 30. exf6+ Kxf6 31. Bd1 Bf5 32.
Rd6+ Kg7 33. Bf3 Rc4 34. R6d4 Rc5 35. Re2 Rf7 36. Kg3 Rcc7 37. Re5 Bd7 38.
Be2 Bc6 39. Bxb5 Bxb5 40. Rxb5 Rfe7 41. Kf3 Re1 42. Rd6 Rf7 43. Rb4 Rf1+ 44.
Kg3 Re7 45. Rd3 Re2 46. f5 gxf5 47. Rb7+ Kf6 48. Rd6+ Ke5 49. Re7+ Kxd6 50.
Rxe2 Kd5 51. Rd2+ Ke4 52. Kg2 Rf3 53. Rd4+ Ke3 54. Rd3+ Kxd3 55. Kxf3 Kc2
56. Kf4 Kxb2 57. c4 Kc3 58. c5 Kc4 59. c6 Kb3 60. c7 Kxa3 61. c8=Q Kb3 62.
Qxf5 Kc3 63. Qxh5 Kd4 64. Qe5+ Kd3 65. h5 Kd2 66. h6 Kd1 67. h7 Kc2 68. h8=Q
Kb1 69. Qd8 Ka2 70. Qec7 Ka3 71. Qdb8 Ka2 72. Qca7# {Black checkmated} 1-0

[Event "ICCopen2017"]
[Site "Internet Chess Club"]
[Date "2017.03.25"]
[Round "2"]
[White "chalimo77"]
[Black "hedgie"]
[Result "1-0"]
[ICCResult "Black forfeits on time"]
[WhiteElo "1526"]
[BlackElo "1891"]
[Opening "Old Benoni defense"]
[ECO "A43"]
[NIC "OI.09"]
[Time "14:18:03"]
[TimeControl "180+0"]

1. d4 c5 2. d5 d6 3. Nf3 e5 4. e4 Ne7 5. c4 Ng6 6. Nc3 Be7 7. Be2 O-O 8. h3
a6 9. O-O f5 10. exf5 Bxf5 11. Nh2 Nd7 12. Bd3 Rb8 13. Bxf5 Rxf5 14. f4 exf4
15. Ng4 Qf8 16. Qe2 Nde5 17. Nxe5 Nxe5 18. Ne4 b5 19. b3 bxc4 20. bxc4 Rb4
21. Bb2 Nxc4 22. Bc3 Ra4 23. Rab1 Ne5 24. Rb7 Ra3 25. Bxe5 Rxe5 26. Qc2 Re3
27. Nc3 Bg5 28. Rb6 f3 29. g3 Re1 30. Rb1 f2+ 31. Kg2 Rxb1 32. Qxb1 Be3 33.
Qd3 Bd4 34. Ne2 Rxe2 35. Qxe2 Qf7 36. h4 Qxd5+ 37. Qf3 Qxf3+ 38. Kxf3 Kf7
39. Rxf2 Bxf2 40. Kxf2 Ke6 41. Ke2 Kf5 42. Kf3 h5 43. Ke3 Kg4 44. Kf2 d5 45.
Kg2 d4 46. Kf2 c4 47. Kg2 {Black forfeits on time} 1-0